 Dungeon Crawl Stone Soup version 0.30-a0-986-g7f2e898f52 (webtiles) character file.

Game seed: 16564929730766572665

277 Gynju the Covered (level 6, -5/56 HPs)
             Began as a Minotaur Fighter on Apr 2, 2023.
             Killed by divine providence
             ... invoked by an orc priest
              (14 damage)
             ... on level 4 of the Dungeon.
             The game lasted 00:02:39 (2561 turns).

Gynju the Covered (Minotaur Fighter)                Turns: 2561, Time: 00:02:39

Health: -5/56      AC:  9    Str: 28    XL:     6   Next: 4%
Magic:  5/5        EV:  8    Int:  5    God:
Gold:   199        SH:  5    Dex: 10    Spells: 5/5 levels left

rFire   + . .      SeeInvis .    a - +0 trident
rCold   . . .      Faith    .    c - +0 buckler
rNeg    . . .      Spirit   .    q - +0 chain mail of Absolutism {+Blink rPois rC+}
rPois   +          Reflect  .    (helmet restricted)
rElec   .          Rampage  .    (no cloak)
rCorr   .                        (no gloves)
Will    .....                    (no boots) Stlth
                                 (no amulet)
HPRegen 0.29/turn                j - +6 ring of strength
MPRegen 0.09/turn                f - ring of fire

@: no status effects
A: horns 2, retaliatory headbutt
a: Evoke Blink


You were on level 4 of the Dungeon.
You visited 1 branch of the dungeon, and saw 4 of its levels.

You collected 199 gold pieces.

Inventory:

Hand Weapons
 a - a +0 trident (weapon)
Missiles
 x - 5 javelins (quivered)
Armour
 c - a +0 buckler (worn)
 q - the +0 chain mail of Absolutism (worn) {+Blink rPois rC+}
   (You found it on level 2 of the Dungeon)

   rC:        It protects you from cold.
   rPois:     It protects you from poison.
   +Blink:    It lets you blink.
Jewellery
 f - a ring of fire (right hand)
 g - a ring of resist corrosion
 j - a +6 ring of strength (left hand)
Scrolls
 b - a scroll of enchant weapon {unknown}
 e - 6 scrolls of identify {unknown}
 l - 3 scrolls of teleportation {unknown}
 m - a scroll of butterflies {unknown}
 o - 2 scrolls of amnesia {unknown}
 p - a scroll of torment {unknown}
 r - a scroll of enchant armour {unknown}
 s - 2 scrolls of fog {unknown}
 t - 2 scrolls of blinking {unknown}
 v - a scroll of immolation {unknown}
Potions
 d - a potion of might
 h - 2 potions of attraction {unknown}
 i - 2 potions of curing {unknown}
 k - a potion of heal wounds {unknown}
 n - 2 potions of haste {unknown}
 u - a potion of mutation {unknown}
 w - a potion of lignification {unknown}


   Skills:
 + Level 5.1 Fighting
 + Level 4.3 Polearms
 + Level 5.2 Armour
 + Level 5.1 Shields


You had 5 spell levels left.
You didn't know any spells.
Your spell library contained the following spells:

 Spells                   Type           Power      Damage    Failure   Level
 Necrotise                Necr           0%         1d4       98%         1
 Frozen Ramparts          Ice            0%         1d1       100%        3
 Hailstorm                Conj/Ice       0%         3d3       100%        3
 Kindle Blastsparks       Fire/Tloc/Air  0%         2d10      100%        3
 Vampiric Draining        Necr           0%         2d6       100%        3
 Agony                    Necr           0%         N/A       100%        5
 Summon Forest            Summ/Tloc      0%         N/A       100%        5


Dungeon Overview and Level Annotations

Branches:
Dungeon (4/15)
 Temple: D:4-7

Altars:
Makhleb
Nemelex Xobeh
Trog


Innate Abilities, Weirdness & Mutations

You have a pair of horns on your head.
You reflexively headbutt those who attack you in melee.


Message History

An orc priest is nearby!
An orc priest is nearby!
The orc priest shouts!
You hear an angry hiss.
You hear a shout!
You see here a scorpion corpse.
An adder comes into view.
The orc priest calls down the wrath of Beogh upon you.
Beogh smites you!
An orc wizard comes into view. It is wielding a +0 dagger.
The orc wizard shouts!
The orc wizard gestures at you while chanting.
The magic dart hits you.
There is a large open door, spattered with blood here.
You are too injured to fight recklessly!
You are too injured to fight recklessly!
You are too injured to fight recklessly!
You are too injured to fight recklessly!
The orc priest calls down the wrath of Beogh upon you.
Beogh smites you!
There's a creature in the doorway!
You hit the orc priest. You headbutt the orc priest.
The orc priest is heavily wounded.
The orc priest hits you with a +0 club.
The orc priest invokes the aid of Beogh against you.
Pain shoots through your body!
You closely miss the orc priest.
The orc priest is heavily wounded.
You block the orc priest's attack.
You closely miss the orc priest.
The orc priest is heavily wounded.
The orc priest mumbles some strange prayers to Beogh against you.
Beogh smites you!
* * * LOW HITPOINT WARNING * * *
You closely miss the orc priest. Your headbutt misses the orc priest.
The orc priest is heavily wounded.
You block the orc priest's attack.
You hit the orc priest.
The orc priest is heavily wounded.
The orc priest mumbles some strange prayers to Beogh against you.
Beogh smites you!
You die...

#.#.....#.#
#...........†.
#.###.#.#.#
#......##.....
#...#.#...#
#......#####.#
#.###.###.#
#########.....
#.........####### #.##..
###)............# #.####
#.............#####.####
#...†.........'.........
####...@......#####.####
###o############.# #S#
#.........# # ...
#.........# .# .....
#.........+...
.......#.............
#.......#........#####
#.......#........#
#......o#.......[#


You could see an orc priest and an adder.

Vanquished Creatures
  An ice beast (D:3)
  A scorpion (D:4)
  A howler monkey (D:4)
  An adder (D:3)
  3 worms
  3 orcs
  4 ball pythons
  4 bats
  5 endoplasms
  6 giant cockroaches
  5 goblins
  5 hobgoblins
  8 kobolds
  6 quokkas
  2 frilled lizards
  8 rats
63 creatures vanquished.

Notes
Turn   | Place    | Note
-------+----------+-------------------------------------------
     0 | D:1      | Gynju the Minotaur Fighter began the quest for the Orb.
     0 | D:1      | Reached XP level 1. HP: 19/19 MP: 0/0
    97 | D:1      | Reached XP level 2. HP: 27/27 MP: 1/1
   698 | D:2      | Identified the +0 chain mail of Absolutism {+Blink rPois
                  | rC+}
   709 | D:2      | Found a sparkling altar of Nemelex Xobeh.
   750 | D:2      | Reached XP level 3. HP: 33/33 MP: 2/2
   897 | D:2      | Found a faded altar of an unknown god.
   936 | D:2      | Got the Incunable of the Door and Cryomancy
  1467 | D:3      | Found a burning altar of Makhleb.
  1665 | D:3      | Found a bloodstained altar of Trog.
  1868 | D:3      | Reached XP level 4. HP: 37/40 MP: 3/3
  1939 | D:3      | Noticed an ice beast
  1945 | D:3      | Killed an ice beast
  1946 | D:3      | Reached XP level 5. HP: 47/47 MP: 4/4
  2495 | D:4      | Reached skill level 5 in Armour
  2536 | D:4      | Reached skill level 5 in Fighting
  2536 | D:4      | Reached skill level 5 in Shields
  2536 | D:4      | Reached XP level 6. HP: 50/56 MP: 5/5
  2561 | D:4      | Killed from afar by an orc priest

Illustrated notes

Levels and vault maps discovered:
D:1:      lightli_arrival_statue_moat, layout_rooms, minmay_misc_feat_five,
          minmay_bisected
D:2:      layout_basic, ebering_ecumenical_altar_ruins, basic_altar,
          amethyst_killhole
D:3:      layout_loops_corners, trog_butcher_becter,
          mainiacjoe_overflow_alcove_1
D:4:      layout_basic, minmay_misc_feat_roman, minmay_pentangle

Skill      XL: |  1  2  3  4  5 |
---------------+----------------+-----
Armour         | 4 5 |  5.2
Shields        | 4 5 |  5.1
Fighting       | 4 5 |  5.1
Polearms       | 3 4 |  4.3

Action                     |  1- 3 |  4- 6 || total
---------------------------+-------+-------++-------
  Melee: Trident           |   112 |    46 ||   158
         Headbutt          |     8 |     5 ||    13
 Armour: Scale mail        |    17 |       ||    17
         Chain mail        |    13 |    11 ||    24
  Dodge: Dodged            |    20 |     8 ||    28
  Block: Buckler           |    14 |     8 ||    22

Table legend: (Time is in decaauts)
 A = Elapsed time spent in this place.
 B = Non-inter-level travel time spent in this place.
 C = Inter-level travel time spent in this place.
 D = Time resting spent in this place.
 E = Time spent auto-exploring this place.
 F = Levels seen in this place.
 G = Mean time per level.
                   A        B        C        D        E       F      G
               +--------+--------+--------+--------+--------+-----+--------+
         Total |   2589 |   2407 |    182 |      0 |   2056 |   4 |  647.2 |
       Dungeon |   2589 |   2407 |    182 |      0 |   2056 |   4 |  647.2 |
               +--------+--------+--------+--------+--------+-----+--------+

Top non-repeatable levels by time:
     D:3: 970 daAuts
     D:2: 718 daAuts
     D:1: 553 daAuts
     D:4: 347 daAuts
